 Dungeon Crawl Stone Soup version 0.32-a0-711-g016ad743e0 (webtiles) character file.

Game seed: 7248001669783226563

21 Griffin23 the Covered (level 2, -6/27 HPs)
             Began as a Minotaur Fighter on Mar 16, 2024.
             Mangled by a gnoll
             ... wielding a +0 heavy flail
              (19 damage)
             ... on level 2 of the Dungeon.
             The game lasted 00:00:39 (845 turns).

Griffin23 the Covered (Minotaur Fighter)             Turns: 845, Time: 00:00:40

Health: -6/27      AC:  7    Str: 20    XL:     2   Next: 62%
Magic:  1/1        EV:  8    Int:  5    God:
Gold:   50         SH:  4    Dex:  9    Spells: 1/1 levels left

rFire   . . .        a - +0 long sword
rCold   . . .        c - +0 buckler
rNeg    . . .        b - +0 scale mail
rPois   .            (helmet restricted)
rElec   .            (no cloak)
rCorr   .            (no gloves)
SInv    .            (no boots)
Will    .....        (no amulet) Stlth
                     (no ring)
HPRegen 0.24/turn    (no ring)
MPRegen 0.07/turn

%: no passive effects
@: mighty
A: horns 2, retaliatory headbutt
a: no special abilities


You were on level 2 of the Dungeon.
You visited 1 branch of the dungeon, and saw 2 of its levels.

You collected 50 gold pieces.

Inventory:

Hand Weapons
 a - a +0 long sword (weapon)
Armour
 b - a +0 scale mail (worn)
 c - a +0 buckler (worn)
Scrolls
 g - a scroll of identify {unknown}
 i - a scroll of teleportation {unknown}
Potions
 e - a potion of curing {unknown}
 f - a potion of heal wounds {unknown}
 h - 2 potions of magic {unknown}
 j - a potion of degeneration {unknown}


   Skills:
 + Level 4.0 Fighting
 + Level 2.8 Long Blades
 + Level 4.0 Armour
 + Level 3.9 Shields


You had one spell level left.
You didn't know any spells.
Your spell library was empty.

Dungeon Overview and Level Annotations

Branches:
Dungeon (2/15)

Altars:


Innate Abilities, Weirdness & Mutations

You have a pair of horns on your head.
You reflexively headbutt those who attack you in melee.


Message History

No target in view!
Done exploring.
No target in view!
Done exploring.
No target in view!
Done exploring.
A hobgoblin comes into view.
The hobgoblin shouts!
The hobgoblin hits you but does no damage.
You slash the hobgoblin!
You kill the hobgoblin!
Your Fighting skill increases to level 4!
No target in view!
There is a stone staircase leading down here.
You climb downwards.
Found a leather armour and a cyan potion.
There is a stone staircase leading up here.
j - a cyan potion No target in view!
Found a stone staircase leading down.
No target in view!
No target in view!
A gnoll comes into view. It is wielding a +0 heavy flail.
The gnoll shouts!
A gnoll comes into view. It is wielding a +0 halberd.
A gnoll comes into view. It is wielding a +0 club.
There are monsters nearby!
A gnoll comes into view. It is wielding a +0 halberd.
Found a scroll labelled XIQYAHY KEUCO.
The gnoll shouts! x3
There are monsters nearby!
The gnoll hits you with a +0 heavy flail.
There are monsters nearby!
You closely miss the gnoll.
The gnoll hits you from afar with a +0 halberd!
You are too injured to fight recklessly!
You feel very mighty all of a sudden.
The gnoll hits you with a +0 heavy flail!!
Ouch! That really hurt!
You die...

.. .##... #. .#
#....... #. .##....#..
#. #...........
..###...#..#.#.
.......#..#.. .
...###.[.#..#.# ...
.......<....#.####>....
...###.#.#....@ggg.....
##~~~~~~~~##g.....
~~~~≈≈≈≈≈≈~~~~#....
≈≈≈≈≈≈≈≈≈≈≈≈≈~~~.?.
≈≈≈≈≈≈~~~~~~≈≈≈≈≈~~ #
≈≈~~~~~####~~~~≈≈≈≈
~~~..... ..##~~~≈≈
##### ### #.~~~


You could see 4 gnolls.

Vanquished Creatures
  A dart slug (D:1)
  3 endoplasms (D:1)
  2 giant cockroaches (D:1)
  4 hobgoblins (D:1)
  A quokka (D:1)
  2 ball pythons (D:1)
  2 frilled lizards (D:1)
  2 rats (D:1)
17 creatures vanquished.

Notes
Turn   | Place    | Note
-------+----------+-------------------------------------------
     0 | D:1      | Griffin23 the Minotaur Fighter began the quest for the Orb.
     0 | D:1      | Reached XP level 1. HP: 19/19 MP: 0/0
   243 | D:1      | Reached XP level 2. HP: 27/27 MP: 1/1
   845 | D:2      | Mangled by a gnoll

Illustrated notes

Levels and vault maps discovered:
D:1:      amcnicky_arrival_abandoned_market, layout_basic
D:2:      wander_river, layout_loops_ring, minmay_vboxes

Skill      XL: |  1  2 |
---------------+-------+-----
Armour         | 4 |  4.0
Fighting       | 4 |  4.0
Long Blades    | |  2.8
Shields        | |  3.9

Action                     || total
---------------------------++-------
  Melee: Long sword        ||    33
         Headbutt          ||     8
    Use: Potion            ||     1
 Armour: Scale mail        ||    27
  Dodge: Dodged            ||    10
  Block: Buckler           ||     6

Table legend: (Time is in decaauts)
 A = Elapsed time spent in this place.
 B = Non-inter-level travel time spent in this place.
 C = Inter-level travel time spent in this place.
 D = Time resting spent in this place.
 E = Time spent auto-exploring this place.
 F = Levels seen in this place.
 G = Mean time per level.
                   A        B        C        D        E       F      G
               +--------+--------+--------+--------+--------+-----+--------+
         Total |    854 |    833 |     21 |      0 |    709 |   2 |  427.0 |
       Dungeon |    854 |    833 |     21 |      0 |    709 |   2 |  427.0 |
               +--------+--------+--------+--------+--------+-----+--------+

Top non-repeatable levels by time:
     D:1: 840 daAuts
     D:2: 14 daAuts
